 Dungeon Crawl Stone Soup version 0.14.1-26-g5a19342 (webtiles) character file.

315 Kae the Ruffian (level 5, -2/40 HPs)
             Began as a Draconian Transmuter on July 24, 2014.
             Killed by divine providence
             ... invoked by an orc priest
              (13 damage)
             ... on Level 4 of the Dungeon.
             The game lasted 00:04:33 (4461 turns).

Kae the Ruffian (Draconian Transmuter)              Turns: 4461, Time: 00:04:33

HP  -2/40        AC  5     Str 18      XL: 5   Next: 47%
MP   9/9         EV 12     Int 13      God:
Gold 117         SH  0     Dex 12      Spells:  3 memorised,  2 levels left

rFire  + . .     SeeInvis .       - Unarmed
rCold  . . .     Clarity  .     (armour unavailable)
rNeg   . . .     Conserve .     (no shield)
rPois  .         rCorr    .     (helmet restricted)
rElec  .         rRot     .     (no cloak)
SustAb . .       Spirit   .     (no gloves)
rMut   .         Warding  .     (no boots)
Gourm  +         Rnd*Tele +     h - amulet of the gourmand
MR     .....                    j - ring of protection from fire {unknown}
                                g - cursed ring of teleportation

@: appendage (expiring), mighty, not resistant to hostile enchantments,
unstealthy
A: unfitting armour, horns 2, AC +5
a: End Transformation, Evoke Teleportation


You were on level 4 of the Dungeon.
You were not hungry.
You had grown temporary horns.
You visited 1 branch of the dungeon, and saw 4 of its levels.

You collected 117 gold pieces.

Inventory:

Missiles
 b - 12 arrows
Comestibles
 a - 2 bread rations
 f - a meat ration
 m - an orange
Scrolls
 c - a scroll of identify
 l - 3 scrolls of immolation
 q - 3 scrolls of teleportation
Jewellery
 g - a cursed ring of teleportation (left hand)
 h - an amulet of the gourmand (around neck)
 j - a ring of protection from fire (right hand) {unknown}
 s - an uncursed ring of ice
Potions
 e - a potion of haste {unknown}
 i - a potion of flight {unknown}
 k - a potion of agility {unknown}
 p - a potion of mutation {unknown}
 r - a potion of might
 u - a potion of heal wounds {unknown}
 x - a potion of invisibility {unknown}
 z - a potion of resistance {unknown}
Books
 d - a book of Changes

   Spells                             Type                      Level
   *Beastly Appendage                 Transmutation                1
   *Sticks to Snakes                  Transmutation                2
   *Spider Form                       Transmutation/Poison         3
   Ice Form                           Ice/Transmutation            4
   Blade Hands                        Transmutation                5


   Skills:
 - Level 1.1 Fighting
 - Level 1.7 Dodging
 * Level 5.3 Unarmed Combat
 - Level 2.0 Spellcasting
 + Level 3.7 Transmutations


You had 2 spell levels left.
You knew the following spells:

 Your Spells              Type           Power        Failure   Level  Hunger
a - Beastly Appendage     Trmt           ##....       8%          1    ##.....
b - Sticks to Snakes      Trmt           ##........   10%         2    ###....
c - Spider Form           Trmt/Pois      #.........   38%         3    ####...


Dungeon Overview and Level Annotations

Branches:
Dungeon (4/15)
 Temple: D:4-7

Altars:


Innate Abilities, Weirdness & Mutations

Your plain brown scales are hard (AC +5).*
Your body does not fit into most forms of armour.
Your cold-blooded metabolism reacts poorly to cold.
You have a pair of horns on your head.*


Message History

Something smites you!
* * * LOW HITPOINT WARNING * * *
The jackal misses you.
Use which ability? (? or * to list)
You fail to use your ability.
The jackal closely misses you. The jackal bites you.
* * * LOW HITPOINT WARNING * * *
Use which ability? (? or * to list)
You fail to use your ability.
The jackal barely misses you.
Use which ability? (? or * to list)
You fail to use your ability.
The jackal bites you but does no damage.
Drink which item? (? for menu, Esc to quit)
You feel very mighty all of a sudden.
The jackal bites you but does no damage. x2
You barely miss the jackal. You headbutt the jackal.
You kill the jackal!
The orc priest mumbles some strange prayers to Beogh against you.
Something smites you!
You die...

#............o#
#......#......# ####
#>#..#.# # ##.#.# #.##.#.#
#......# ### . ###...##
##.##f..
#...#######...###.s###
#...o.h@........## ff.##
#....####........# #.s#
..............##.##.#####%#
..............)............
.............%##..#.###....
###....####..##..#.# #....
#................# #####
#...######.##..#.# # .
#(#...#.#


You could see an orc priest and a jackal.

Vanquished Creatures
  An orc wizard (D:3)
  A worker ant (D:4)
  7 adders
  2 giant mites
  3 giant geckos (D:1)
  3 orcs
  4 bats
  7 hobgoblins
  A jackal (D:4)
  A ball python (D:1)
  7 giant cockroaches
  3 giant newts (D:2)
  7 goblins
  15 kobolds
  6 rats
68 creatures vanquished.

Notes
Turn   | Place    | Note
--------------------------------------------------------------
     0 | D:1      | Kae, the Draconian Transmuter, began the quest for the Orb.
     0 | D:1      | Reached XP level 1. HP: 16/16 MP: 3/3
   472 | D:1      | Reached XP level 2. HP: 10/23 MP: 4/4
   910 | D:1      | Reached XP level 3. HP: 25/28 MP: 6/6
  1388 | D:2      | Reached skill level 4 in Unarmed Combat
  1869 | D:2      | Reached XP level 4. HP: 10/35 MP: 5/7
  3637 | D:4      | Noticed an ogre
  3854 | D:3      | Learned a level 2 spell: Sticks to Snakes
  3858 | D:3      | Learned a level 3 spell: Spider Form
  4010 | D:4      | Reached XP level 5. HP: 30/40 MP: 9/9
  4027 | D:3      | Reached skill level 5 in Unarmed Combat
  4461 | D:4      | Killed from afar by an orc priest

Action                   |  1- 3 |  4- 6 || total
-------------------------+-------+-------++-------
Melee: Unarmed           |   129 |   149 ||   278
 Cast: Beastly Appendage |     6 |    10 ||    16
 Abil: Evoke Teleportati |       |     1 ||     1
  Use: Scroll            |       |    11 ||    11
       Potion            |       |     1 ||     1
 Stab: Sleeping          |       |     1 ||     1
